Dernière mise à jour: 2025-12-07 16:11:59
% Time on Ice - SASKATOON DUCKS
Lines # - Real PCT - Wanted PCT - Time Play
Normal Forward
1 - 30% - 30% - 16:08
2 - 25% - 25% - 13:09
3 - 25% - 25% - 13:12
4 - 20% - 20% - 10:30
Normal Defense
1 - 31% - 31% - 16:32
2 - 36% - 31% - 19:20
3 - 21% - 23% - 10:59
4 - 12% - 15% - 6:08
PP Forward
1 - 28% - 55% - 0:41
2 - 72% - 45% - 1:47
PP Defense
1 - 72% - 55% - 1:47
2 - 28% - 45% - 0:41
PK Forward
1 - 70% - 55% - 2:09
2 - 30% - 45% - 0:54
PK Defense
1 - 57% - 55% - 1:45
2 - 43% - 45% - 1:18
PK3 Forward
1 - 0% - 55%
2 - 0% - 45%
PK3 Defense
1 - 0% - 55%
2 - 0% - 45%
44 Forward
1 - 67% - 55% - 1:00
2 - 33% - 45% - 0:30
44 Defense
1 - 67% - 55% - 1:00
2 - 33% - 45% - 0:30
Last Minute Offensive  - 0:00
Last Minute Defensive  - 0:00
Total
Forward - 60:00
Defense - 60:00
% Time on Ice - LONG BEACH BARACUDAS
Lines # - Real PCT - Wanted PCT - Time Play
Normal Forward
1 - 39% - 41% - 20:33
2 - 35% - 33% - 18:33
3 - 17% - 18% - 9:11
4 - 9% - 8% - 4:42
Normal Defense
1 - 39% - 40% - 20:54
2 - 33% - 30% - 17:21
3 - 20% - 20% - 10:27
4 - 8% - 10% - 4:17
PP Forward
1 - 67% - 55% - 2:02
2 - 33% - 45% - 1:01
PP Defense
1 - 60% - 55% - 1:49
2 - 40% - 45% - 1:14
PK Forward
1 - 76% - 55% - 1:52
2 - 24% - 45% - 0:36
PK Defense
1 - 59% - 55% - 1:27
2 - 41% - 45% - 1:01
PK3 Forward
1 - 0% - 55%
2 - 0% - 45%
PK3 Defense
1 - 0% - 55%
2 - 0% - 45%
44 Forward
1 - 56% - 55% - 0:50
2 - 44% - 45% - 0:40
44 Defense
1 - 56% - 55% - 0:50
2 - 44% - 45% - 0:40
Last Minute Offensive  - 0:00
Last Minute Defensive  - 0:00
Total
Forward - 60:00
Defense - 60:00
Play-by-Play 1st period 0:01 of 1st period - Jordan Staal wins face-off versus Anze Kopitar in neutral zone. 0:12 of 1st period - Shot by Sam Reinhart. 0:12 of 1st period - Goal by Sam Reinhart - SASKATOON DUCKS : 0 - LONG BEACH BARACUDAS : 1. 0:13 of 1st period - Aleksander Barkov wins face-off versus Max Domi in neutral zone. 0:18 of 1st period - Erik Gustafsson is hit by Mark Stone and loses puck. 1:38 of 1st period - Shot by Anze Kopitar. 1:38 of 1st period - Shot Blocked by Patrik Laine. 1:46 of 1st period - Shot by Jimmy Vesey. 1:46 of 1st period - Shot Blocked by Zachary Werenski. 1:48 of 1st period - Shot by Jimmy Vesey. 1:48 of 1st period - Shot Misses the Net. 2:23 of 1st period - Shot by Anthony Cirelli. 2:23 of 1st period - Stopped by Karel Vejmelka with a rebound. 2:45 of 1st period - Icing by Emil Martinsen Lilleberg. 2:46 of 1st period - Marcus Johansson wins face-off versus Jake Guentzel in SASKATOON DUCKS zone. 2:49 of 1st period - Shot by Seth Jarvis. 2:49 of 1st period - Goal by Seth Jarvis - SASKATOON DUCKS : 0 - LONG BEACH BARACUDAS : 2. 2:50 of 1st period - Jordan Staal wins face-off versus Marcus Johansson in neutral zone. 3:11 of 1st period - Shot by Rafael Harvey-Pinard. 3:11 of 1st period - Stopped by Karel Vejmelka without a rebound. 3:12 of 1st period - Aleksander Barkov wins face-off versus Tyson Jost in SASKATOON DUCKS zone. 3:12 of 1st period - Minor Penalty to Alex Goligoski for Interference. 3:13 of 1st period - Kailer Yamamoto wins face-off versus Anthony Cirelli in SASKATOON DUCKS zone. 3:13 of 1st period - Kailer Yamamoto is hit by Mark Stone. 3:25 of 1st period - Shot by Mark Stone. 3:25 of 1st period - Shot Misses the Net. 3:27 of 1st period - Shot by Valeri Nichushkin. 3:27 of 1st period - Shot Misses the Net. 3:29 of 1st period - Shot by Anthony Cirelli. 3:29 of 1st period - Goal by Anthony Cirelli - SASKATOON DUCKS : 0 - LONG BEACH BARACUDAS : 3. 3:30 of 1st period - Tyson Jost wins face-off versus Nikolaj Ehlers in neutral zone. 3:33 of 1st period - Sam Reinhart is hit by Jimmy Vesey and loses puck. 3:40 of 1st period - Andrew Peeke is hit by Anze Kopitar. 3:45 of 1st period - Icing by Patrik Laine. 3:46 of 1st period - Aleksander Barkov wins face-off versus Tyson Jost in SASKATOON DUCKS zone. 4:05 of 1st period - Shot by Aleksander Barkov. 4:05 of 1st period - Stopped by Karel Vejmelka without a rebound. 4:06 of 1st period - Anze Kopitar wins face-off versus Jordan Staal in SASKATOON DUCKS zone. 4:19 of 1st period - Shot by Cole Perfetti. 4:19 of 1st period - Stopped by Ukko-Pekka Luukkonen without a rebound. 4:20 of 1st period - Aleksander Barkov wins face-off versus Mathieu Joseph in LONG BEACH BARACUDAS zone. 4:20 of 1st period - Aleksander Barkov is hit by Max Domi. 4:47 of 1st period - Mathieu Joseph is hit by Aleksander Barkov. 5:01 of 1st period - Mark Stone is hit by Max Domi and loses puck. 5:09 of 1st period - Zachary Werenski is hit by Emil Martinsen Lilleberg and loses puck. 5:54 of 1st period - Icing by Jordan Staal. 5:55 of 1st period - Jordan Staal wins face-off versus Anthony Cirelli in SASKATOON DUCKS zone. 6:05 of 1st period - Anthony Cirelli is hit by Victor Mete and loses puck. 6:17 of 1st period - Icing by Alex Goligoski. 6:18 of 1st period - Jordan Staal wins face-off versus Marcus Johansson in SASKATOON DUCKS zone. 6:27 of 1st period - Shot by Seth Jarvis. 6:27 of 1st period - Shot Misses the Net. 6:32 of 1st period - Rafael Harvey-Pinard is hit by Alex Goligoski. 7:21 of 1st period - Shot by Nikolaj Ehlers. 7:21 of 1st period - Shot Misses the Net. 7:23 of 1st period - Shot by Sam Reinhart. 7:23 of 1st period - Stopped by Karel Vejmelka without a rebound. 7:24 of 1st period - Aleksander Barkov wins face-off versus Matthew Stienburg in SASKATOON DUCKS zone. 9:15 of 1st period - Shot by Valeri Nichushkin. 9:15 of 1st period - Deflect By Jonathan Huberdeau. 9:15 of 1st period - Stopped by Karel Vejmelka without a rebound. 9:16 of 1st period - Jordan Staal wins face-off versus Anthony Cirelli in SASKATOON DUCKS zone. 9:29 of 1st period - Shot by Valeri Nichushkin. 9:29 of 1st period - Shot Misses the Net. 9:33 of 1st period - Shot by Anthony Cirelli. 9:33 of 1st period - Stopped by Karel Vejmelka without a rebound. 9:34 of 1st period - Aleksander Barkov wins face-off versus Tyson Jost in SASKATOON DUCKS zone. 9:57 of 1st period - Shot by Aleksander Barkov. 9:57 of 1st period - Shot Blocked by Tyson Jost. 10:00 of 1st period - Minor Penalty to Victor Mete for Unsportsmanlike conduct. 10:01 of 1st period - Jordan Staal wins face-off versus Seth Jarvis in SASKATOON DUCKS zone. 10:01 of 1st period - Jordan Staal is hit by Sam Reinhart. 11:02 of 1st period - Shot by Aleksander Barkov. 11:02 of 1st period - Stopped by Karel Vejmelka without a rebound. 11:03 of 1st period - Anthony Cirelli wins face-off versus Patrik Laine in SASKATOON DUCKS zone. 11:28 of 1st period - Shot by Anthony Cirelli. 11:28 of 1st period - Shot Misses the Net. 12:08 of 1st period - Jake Guentzel is hit by Rafael Harvey-Pinard and loses puck. 13:19 of 1st period - Shot by Anze Kopitar. 13:19 of 1st period - Shot Misses the Net. 13:37 of 1st period - Shot by Jake Sanderson. 13:37 of 1st period - Stopped by Ukko-Pekka Luukkonen without a rebound. 13:38 of 1st period - Jordan Staal wins face-off versus Aleksander Barkov in LONG BEACH BARACUDAS zone. 14:58 of 1st period - Anthony Cirelli is hit by Andrew Peeke and loses puck. 15:03 of 1st period - Shot by Jonathan Huberdeau. 15:03 of 1st period - Stopped by Karel Vejmelka without a rebound. 15:04 of 1st period - Anze Kopitar wins face-off versus Tyson Jost in SASKATOON DUCKS zone. 15:09 of 1st period - Shot by Sam Reinhart. 15:09 of 1st period - Stopped by Karel Vejmelka with a rebound. 15:34 of 1st period - Icing by Jake Sanderson. 15:35 of 1st period - Anthony Cirelli wins face-off versus Tyson Jost in SASKATOON DUCKS zone. 15:48 of 1st period - Shot by Anthony Cirelli. 15:48 of 1st period - Shot Blocked by Tyson Jost. 15:50 of 1st period - Shot by Jonathan Huberdeau. 15:50 of 1st period - Deflect By Anthony Cirelli. 15:50 of 1st period - Shot Misses the Net. 15:52 of 1st period - Shot by Valeri Nichushkin. 15:52 of 1st period - Stopped by Karel Vejmelka with a rebound. 15:57 of 1st period - Jonathan Huberdeau is hit by Jake Sanderson. 16:05 of 1st period - Shot by Anthony Cirelli. 16:05 of 1st period - Shot Misses the Net. 16:48 of 1st period - Icing by Darren Raddysh. 16:49 of 1st period - Anze Kopitar wins face-off versus Cole Perfetti in LONG BEACH BARACUDAS zone. 16:49 of 1st period - Anze Kopitar is hit by Jordan Staal. 16:55 of 1st period - Shot by Jordan Staal. 16:55 of 1st period - Stopped by Ukko-Pekka Luukkonen without a rebound. 16:56 of 1st period - Jordan Staal wins face-off versus Aleksander Barkov in LONG BEACH BARACUDAS zone. 16:59 of 1st period - Shot by Kailer Yamamoto. 16:59 of 1st period - Stopped by Ukko-Pekka Luukkonen without a rebound. 17:00 of 1st period - Anze Kopitar wins face-off versus Jordan Staal in LONG BEACH BARACUDAS zone. 17:09 of 1st period - Icing by Andrew Peeke. 17:10 of 1st period - Jordan Staal wins face-off versus Aleksander Barkov in SASKATOON DUCKS zone. 17:10 of 1st period - Jordan Staal is hit by Aleksander Barkov. 17:34 of 1st period - Shot by Kyle Connor. 17:34 of 1st period - Stopped by Karel Vejmelka with a rebound. 17:47 of 1st period - Jordan Staal is hit by Mark Stone and loses puck. 19:20 of 1st period - Icing by Erik Gustafsson. 19:21 of 1st period - Jordan Staal wins face-off versus Marcus Johansson in SASKATOON DUCKS zone. 19:21 of 1st period - Jordan Staal is hit by Rafael Harvey-Pinard. 19:53 of 1st period - Shot by Seth Jarvis. 19:53 of 1st period - Shot Misses the Net. Goals for this period are 0 for SASKATOON DUCKS vs 3 for LONG BEACH BARACUDAS. Shots for this period are 4 for SASKATOON DUCKS vs 14 for LONG BEACH BARACUDAS. 2nd period 0:01 of 2nd period - Anze Kopitar wins face-off versus Max Domi in neutral zone. 0:04 of 2nd period - Mathieu Joseph is hit by Nikolaj Ehlers and loses puck. 0:09 of 2nd period - Shot by Anze Kopitar. 0:09 of 2nd period - Deflect By Sam Reinhart. 0:09 of 2nd period - Shot Misses the Net. 0:14 of 2nd period - Icing by Emil Martinsen Lilleberg. 0:15 of 2nd period - Aleksander Barkov wins face-off versus Brandon Biro in SASKATOON DUCKS zone. 0:34 of 2nd period - Shot by Mark Stone. 0:34 of 2nd period - Shot Misses the Net. 0:36 of 2nd period - Shot by Mark Stone. 0:36 of 2nd period - Stopped by Karel Vejmelka with a rebound. 0:52 of 2nd period - Shot by Mark Stone. 0:52 of 2nd period - Stopped by Karel Vejmelka without a rebound. 0:53 of 2nd period - Sam Reinhart wins face-off versus Patrik Laine in SASKATOON DUCKS zone. 1:18 of 2nd period - Shot by Patrik Laine. 1:18 of 2nd period - Stopped by Ukko-Pekka Luukkonen without a rebound. 1:19 of 2nd period - Anthony Cirelli wins face-off versus Jake Guentzel in LONG BEACH BARACUDAS zone. 1:32 of 2nd period - Shot by Jonathan Huberdeau. 1:32 of 2nd period - Stopped by Karel Vejmelka without a rebound. 1:33 of 2nd period - Anze Kopitar wins face-off versus Jordan Staal in SASKATOON DUCKS zone. 1:46 of 2nd period - Shot by Sam Reinhart. 1:46 of 2nd period - Deflect By Anze Kopitar. 1:46 of 2nd period - Shot Blocked by Kailer Yamamoto. 1:48 of 2nd period - Shot by Anze Kopitar. 1:48 of 2nd period - Stopped by Karel Vejmelka without a rebound. 1:49 of 2nd period - Aleksander Barkov wins face-off versus Max Domi in SASKATOON DUCKS zone. 2:04 of 2nd period - Icing by Alex Goligoski. 2:05 of 2nd period - Max Domi wins face-off versus Anze Kopitar in SASKATOON DUCKS zone. 2:05 of 2nd period - Mathieu Joseph is hit by Sam Reinhart and loses puck. 3:34 of 2nd period - Mark Stone is hit by Tyson Jost and loses puck. 3:41 of 2nd period - Shot by Patrik Laine. 3:41 of 2nd period - Stopped by Ukko-Pekka Luukkonen without a rebound. 3:42 of 2nd period - Anthony Cirelli wins face-off versus Jake Guentzel in LONG BEACH BARACUDAS zone. 4:07 of 2nd period - Shot by Erik Gustafsson. 4:07 of 2nd period - Shot Misses the Net. 4:09 of 2nd period - Shot by Jake Guentzel. 4:09 of 2nd period - Shot Misses the Net. 4:11 of 2nd period - Shot by Jake Guentzel. 4:11 of 2nd period - Stopped by Ukko-Pekka Luukkonen with a rebound. 4:23 of 2nd period - Shot by Jake Guentzel. 4:23 of 2nd period - Shot Misses the Net. 4:30 of 2nd period - Icing by Anthony Cirelli. 4:31 of 2nd period - Anthony Cirelli wins face-off versus Jordan Staal in LONG BEACH BARACUDAS zone. 5:04 of 2nd period - Shot by Cole Perfetti. 5:04 of 2nd period - Stopped by Ukko-Pekka Luukkonen without a rebound. 5:05 of 2nd period - Tyson Jost wins face-off versus Aleksander Barkov in LONG BEACH BARACUDAS zone. 5:05 of 2nd period - Tyson Jost is hit by Filip Hronek. 5:38 of 2nd period - Shot by Jimmy Vesey. 5:38 of 2nd period - Stopped by Ukko-Pekka Luukkonen with a rebound. 5:55 of 2nd period - Icing by Andrew Peeke. 5:56 of 2nd period - Anze Kopitar wins face-off versus Max Domi in SASKATOON DUCKS zone. 6:10 of 2nd period - Sam Reinhart is hit by Andrew Peeke and loses puck. 6:23 of 2nd period - Shot by Nikolaj Ehlers. 6:23 of 2nd period - Stopped by Karel Vejmelka with a rebound. 6:25 of 2nd period - Shot by Zachary Werenski. 6:25 of 2nd period - Shot Blocked by Mathieu Joseph. 6:27 of 2nd period - Shot by Drew Doughty. 6:27 of 2nd period - Shot Misses the Net. 6:43 of 2nd period - Shot by Sam Reinhart. 6:43 of 2nd period - Deflect By Anze Kopitar. 6:43 of 2nd period - Stopped by Karel Vejmelka without a rebound. 6:44 of 2nd period - Jonathan Huberdeau wins face-off versus Jordan Staal in SASKATOON DUCKS zone. 6:47 of 2nd period - Shot by Valeri Nichushkin. 6:47 of 2nd period - Stopped by Karel Vejmelka without a rebound. 6:48 of 2nd period - Jordan Staal wins face-off versus Aleksander Barkov in SASKATOON DUCKS zone. 6:55 of 2nd period - Icing by Mark Stone. 6:56 of 2nd period - Aleksander Barkov wins face-off versus Jake Guentzel in LONG BEACH BARACUDAS zone. 7:36 of 2nd period - Shot by Mark Stone. 7:36 of 2nd period - Stopped by Karel Vejmelka with a rebound. 7:38 of 2nd period - Shot by Calvin De Haan. 7:38 of 2nd period - Stopped by Karel Vejmelka without a rebound. 7:39 of 2nd period - Anze Kopitar wins face-off versus Jordan Staal in SASKATOON DUCKS zone. 7:44 of 2nd period - Shot by Sam Reinhart. 7:44 of 2nd period - Deflect By Anze Kopitar. 7:44 of 2nd period - Stopped by Karel Vejmelka without a rebound. 7:45 of 2nd period - Anze Kopitar wins face-off versus Max Domi in SASKATOON DUCKS zone. 8:07 of 2nd period - Shot by Mathieu Joseph. 8:07 of 2nd period - Shot Blocked by Drew Doughty. 8:44 of 2nd period - Shot by Aleksander Barkov. 8:44 of 2nd period - Shot Misses the Net. 8:46 of 2nd period - Shot by Darren Raddysh. 8:46 of 2nd period - Stopped by Karel Vejmelka with a rebound. 9:17 of 2nd period - Aleksander Barkov is hit by Andrew Peeke. 9:19 of 2nd period - Shot by Mark Stone. 9:19 of 2nd period - Shot Blocked by Andrew Peeke. 9:46 of 2nd period - Off-side. 9:47 of 2nd period - Tyson Jost wins face-off versus Rafael Harvey-Pinard in neutral zone. 10:08 of 2nd period - Tyson Jost is hit by Seth Jarvis and loses puck. 10:54 of 2nd period - Minor Penalty to Nikolaj Ehlers for Holding. 10:55 of 2nd period - Max Domi wins face-off versus Anze Kopitar in LONG BEACH BARACUDAS zone. 11:15 of 2nd period - Shot by Mathieu Joseph. 11:15 of 2nd period - Stopped by Ukko-Pekka Luukkonen without a rebound. 11:16 of 2nd period - Anze Kopitar wins face-off versus Patrik Laine in LONG BEACH BARACUDAS zone. 11:36 of 2nd period - Shot by Jordan Staal. 11:36 of 2nd period - Shot Misses the Net. 11:38 of 2nd period - Shot by Jordan Staal. 11:38 of 2nd period - Shot Misses the Net. 11:40 of 2nd period - Shot by Jordan Staal. 11:40 of 2nd period - Shot Blocked by Brendan Smith. 11:42 of 2nd period - Shot by Andrew Peeke. 11:42 of 2nd period - Stopped by Ukko-Pekka Luukkonen with a rebound. 12:27 of 2nd period - Icing by Mathieu Joseph. 12:28 of 2nd period - Anze Kopitar wins face-off versus Max Domi in SASKATOON DUCKS zone. 12:28 of 2nd period - Anthony Cirelli is hit by Jake Sanderson and loses puck. 12:47 of 2nd period - Shot by Anthony Cirelli. 12:47 of 2nd period - Stopped by Karel Vejmelka without a rebound. 12:48 of 2nd period - Aleksander Barkov wins face-off versus Jordan Staal in SASKATOON DUCKS zone. 12:54 of 2nd period - Shot by Aleksander Barkov. 12:54 of 2nd period - Shot Misses the Net. 13:00 of 2nd period - Shot by Anthony Cirelli. 13:00 of 2nd period - Stopped by Karel Vejmelka without a rebound